 Dungeon Crawl Stone Soup version 0.30.0-10-gfe55d96785 (webtiles) character file.

Game seed: 16043641036857717305

49 Foic the Poker (level 3, -1/35 HPs)
             Began as a Gnoll Chaos Knight on May 15, 2023.
             Was a Plaything of Xom.
             Succumbed to Crazy Yiuf's poison
             ... on level 2 of the Dungeon.
             The game lasted 00:05:09 (1704 turns).

Foic the Poker (Gnoll Chaos Knight)                 Turns: 1704, Time: 00:05:10

Health: -1/35      AC: 13    Str: 11    XL:     3   Next: 75%
Magic:  4/4        EV:  6    Int: 11    God:    Xom [..*...]
Gold:   75         SH:  5    Dex: 13    Spells: 4/4 levels left

rFire   . . .        a - +0 spear (chaos)
rCold   . . .        (no shield)
rNeg    . . .        m - +0 chain mail
rPois   .            l - +0 helmet
rElec   .            d - +0 cloak
rCorr   .            (no gloves)
SInv    .            w - +0 pair of boots
Will    .....        e - amulet of reflection Stlth
                     (no ring)
HPRegen 0.25/turn    (no ring)
MPRegen 0.09/turn

%: reflection
@: lethally poisoned (-1 -> -17), invisible
A: fangs 1, strong nose, distributed training
a: Renounce Religion


You were on level 2 of the Dungeon.
You worshipped Xom.
You were a toy of Xom.
You visited 1 branch of the dungeon, and saw 2 of its levels.

You collected 75 gold pieces.

Inventory:

Hand Weapons
 a - a +0 spear of chaos (weapon)
Missiles
 h - 40 stones
 n - 6 poisoned darts
Armour
 b - a +2 leather armour
 d - a +0 cloak (worn)
 l - a +0 helmet (worn)
 m - a +0 chain mail (worn)
 w - a +0 pair of boots (worn)
Magical Staves
 j - a staff of death
Jewellery
 e - an amulet of reflection (around neck)
 o - a ring of ice
Scrolls
 f - 2 scrolls of identify {unknown}
 g - a scroll of poison {unknown}
 k - a scroll of fear {unknown}
 p - a scroll of noise {unknown}
 u - a scroll of immolation {unknown}
 x - a scroll of silence {unknown}
Potions
 i - a potion of brilliance {unknown}
 q - a potion of magic {unknown}
 r - a potion of resistance {unknown}
 s - 2 potions of flight {unknown}
 t - a potion of curing {unknown}
Miscellaneous
 c - a piece from Xom's chessboard (15/15) (quivered)


   Skills:
 + Level 6.5 Fighting
 + Level 1.0 Short Blades
 + Level 1.0 Long Blades
 + Level 1.0 Axes
 + Level 1.0 Maces & Flails
 + Level 6.5 Polearms
 + Level 1.0 Staves
 + Level 1.0 Ranged Weapons
 + Level 1.0 Throwing
 + Level 4.6 Armour
 + Level 2.6 Dodging
 + Level 1.0 Stealth
 + Level 1.0 Shields
 + Level 1.0 Unarmed Combat
 + Level 1.0 Spellcasting
 + Level 0.7 Conjurations
 + Level 0.7 Hexes
 + Level 0.7 Summonings
 + Level 0.7 Necromancy
 + Level 0.7 Translocations
 + Level 0.7 Transmutations
 + Level 0.7 Fire Magic
 + Level 0.7 Ice Magic
 + Level 0.7 Air Magic
 + Level 0.7 Earth Magic
 + Level 0.7 Poison Magic
 + Level 1.0 Invocations
 + Level 1.0 Evocations


You had 4 spell levels left.
You didn't know any spells.
Your spell library contained the following spells:

 Spells                   Type           Power      Damage    Failure   Level
 Freeze                   Ice            8%         1d3       99%         1
 Frozen Ramparts          Ice            4%         1d1       100%        3
 Hailstorm                Conj/Ice       2%         3d3       100%        3


Dungeon Overview and Level Annotations

Branches:
Dungeon (2/15)

Altars:

Shops:
D:1 =

Annotations:
D:2 Crazy Yiuf


Innate Abilities, Weirdness & Mutations

You have very sharp teeth.
Your uncanny sense of smell can sniff out nearby items.
Your experience applies equally to all skills.


Message History

Found a robe.
You open the door.
There is an open door here.
x - a scroll labelled NOM LEYXOS
There is an open door here.
There is an open door here.
There is an open door here.
You open the door. You open the door.
There is an open door here.
You now have 75 gold pieces (gained 6).
Found a hammer.
Found a hammer.
You see here a +0 hammer.
Found a runed translucent door.
Crazy Yiuf shouts!
Crazy Yiuf says, "One may say the eternal mystery of the world is its comprehensibility."
You open the door. You hit Crazy Yiuf but do no damage.
Crazy Yiuf hits you with a +4 quarterstaff of chaos.
You hit Crazy Yiuf. You burn Crazy Yiuf. Your bite misses Crazy Yiuf.
Crazy Yiuf is moderately wounded.
Crazy Yiuf hits you with a +4 quarterstaff of chaos!
Crazy Yiuf freezes you.
You hit Crazy Yiuf but do no damage.
Crazy Yiuf is poisoned.
Crazy Yiuf is moderately wounded.
You block Crazy Yiuf's attack.
You hit Crazy Yiuf but do no damage.
Crazy Yiuf is moderately wounded.
You closely miss Crazy Yiuf.
Crazy Yiuf is moderately wounded.
Crazy Yiuf hits you with a +4 quarterstaff of chaos!
You hit Crazy Yiuf. You freeze Crazy Yiuf.
Crazy Yiuf is heavily wounded.
Crazy Yiuf hits you with a +4 quarterstaff of chaos!
* * * LOW HITPOINT WARNING * * *
You are lethally poisoned!
You fade into invisibility!
You die...
Xom thinks this is hilarious!

#.# #.# #..#
#...+.......
#.# ### ####
#...#####.##
##'### #...#
#.## .....#
##### #<..#
#... .....#
#)..# #...#
###. .....#
### #...#
#...# ##
.....#####.#
...
#..#########
.........'.#
#g#
#.........##
##########.#
♣@♣♣
#....######
#########.#
♣♣.♣ #....#
#.........#
♣.♣♣ #....#
###########
♣♣.♣
#....###
♣♣.♣♣
#......#
♣♣...♣
#......##
♣...)♣
#.......#
#....#
#.......# #
##..##
#.#'#+#.# #


You could see Crazy Yiuf (unable to see you, poisoned).

Vanquished Creatures
  An adder (D:2)
  A dart slug (D:1)
  3 ball pythons
  6 bats
  4 endoplasms
  7 goblins
  4 hobgoblins
  4 kobolds
  2 frilled lizards (D:1)
  3 rats
35 creatures vanquished.

Notes
Turn   | Place    | Note
-------+----------+-------------------------------------------
     0 | D:1      | Foic the Gnoll Chaos Knight began the quest for the Orb.
     0 | D:1      | Reached XP level 1. HP: 23/23 MP: 1/1
   203 | D:1      | Reached XP level 2. HP: 29/29 MP: 2/2
   610 | D:1      | Found Fyn Jatwuts's Jewellery Boutique.
  1027 | D:2      | XOM: silly message
  1038 | D:2      | Reached XP level 3. HP: 35/35 MP: 3/3
  1374 | D:2      | Reached skill level 1 in Invocations
  1405 | D:2      | Reached skill level 1 in Short Blades
  1405 | D:2      | Reached skill level 1 in Long Blades
  1405 | D:2      | Reached skill level 1 in Axes
  1405 | D:2      | Reached skill level 1 in Maces & Flails
  1405 | D:2      | Reached skill level 1 in Staves
  1405 | D:2      | Reached skill level 1 in Ranged Weapons
  1405 | D:2      | Reached skill level 1 in Throwing
  1405 | D:2      | Reached skill level 1 in Stealth
  1405 | D:2      | Reached skill level 1 in Shields
  1405 | D:2      | Reached skill level 1 in Unarmed Combat
  1405 | D:2      | Reached skill level 1 in Spellcasting
  1405 | D:2      | Reached skill level 1 in Evocations
  1693 | D:2      | Found a runed translucent door.
  1694 | D:2      | Noticed Crazy Yiuf
  1704 | D:2      | Succumbed to Crazy Yiuf's poison

Illustrated notes

Levels and vault maps discovered:
D:1:      dpeg_arrival_rooms_with_view, layout_basic, serial_shops, shop
D:2:      layout_basic, grunt_ministairs_12, minmay_cupped,
          uniq_crazy_yiuf_cottage

Skill      XL: |  1  2  3 |
---------------+----------+-----
Invocations    | 1 |  1.0
Short Blades   | 1 |  1.0
Long Blades    | 1 |  1.0
Axes           | 1 |  1.0
Maces & Flails | 1 |  1.0
Staves         | 1 |  1.0
Ranged Weapons | 1 |  1.0
Throwing       | 1 |  1.0
Stealth        | 1 |  1.0
Shields        | 1 |  1.0
Unarmed Combat | 1 |  1.0
Spellcasting   | 1 |  1.0
Evocations     | 1 |  1.0
Fighting       | |  6.5
Polearms       | |  6.5
Armour         | |  4.6
Dodging        | |  2.6
Conjurations   | |  0.7
Hexes          | |  0.7
Summonings     | |  0.7
Necromancy     | |  0.7
Translocations | |  0.7
Transmutations | |  0.7
Fire Magic     | |  0.7
Ice Magic      | |  0.7
Air Magic      | |  0.7
Earth Magic    | |  0.7
Poison Magic   | |  0.7

Action                     || total
---------------------------++-------
  Melee: Spear             ||   109
         Bite              ||     6
         Punch             ||     1
    Use: Potion            ||     1
 Armour: Leather armour    ||     5
         Chain mail        ||    31
  Dodge: Dodged            ||    18
  Block: Other             ||    11
